 Dungeon Crawl Stone Soup version 0.30-a0-304-gdc4b735fe1 (webtiles) character file.

Game seed: 14024860642200488287

54 NinjaNoafa the Shooter (level 3, -1/20 HPs)
             Began as a Deep Elf Hexslinger on Oct 20, 2022.
             Slain by an adder (4 damage)
             ... on level 2 of the Dungeon.
             The game lasted 00:05:03 (864 turns).

NinjaNoafa the Shooter (Deep Elf Hexslinger)         Turns: 864, Time: 00:05:03

Health: -1/20      AC:  2    Str:  7    XL:     3   Next: 66%
Magic:  5/7        EV: 12    Int: 19    God:
Gold:   72         SH:  0    Dex: 15    Spells: 4/5 levels left

rFire   . . .      SeeInvis +    a - +1 sling
rCold   . . .      Faith    .    (no shield)
rNeg    . . .      Spirit   .    c - +0 robe
rPois   .          Reflect  .    (no helmet)
rElec   .          Harm     .    (no cloak)
rCorr   .          Rampage  .    (no gloves)
Will    .....                    (no boots)
Stlth   +.........               (no amulet)
HPRegen 0.23/turn                e - ring of see invisible
MPRegen 0.10/turn                (no ring)

@: very slightly contaminated
A: no striking features
a: no special abilities


You were on level 2 of the Dungeon.
You visited 1 branch of the dungeon, and saw 2 of its levels.

You collected 72 gold pieces.

Inventory:

Hand Weapons
 a - a +1 sling (weapon)
 n - a +4 dagger of venom
Missiles
 f - 7 stones
 p - 2 poisoned darts
Armour
 c - a +0 robe (worn)
Jewellery
 e - a ring of see invisible (left hand)
Scrolls
 b - a scroll of poison
 d - a scroll of identify {unknown}
 h - a scroll of torment {unknown}
 i - a scroll of enchant armour {unknown}
 k - 2 scrolls of teleportation {unknown}
 m - a scroll of noise {unknown}
 o - a scroll of summoning {unknown}
Potions
 g - a potion of heal wounds {unknown}
 j - a potion of degeneration {unknown}
 l - a potion of mutation {unknown}


   Skills:
 - Level 0.7 Fighting
 + Level 5.4 Ranged Weapons
 - Level 2.4 Dodging
 - Level 1.5 Spellcasting
 - Level 4.0 Hexes


You had 4 spell levels left.
You knew the following spells:

 Your Spells              Type           Power      Damage    Failure   Level
a - Slow                  Hex            64%        N/A       3%          1

Your spell library contained the following spells:

 Spells                   Type           Power      Damage    Failure   Level
 Inner Flame              Hex/Fire       9%         N/A       24%         3
 Portal Projectile        Hex/Tloc       18%        N/A       24%         3
 Cause Fear               Hex            8%         N/A       34%         4


Dungeon Overview and Level Annotations

Branches:
Dungeon (2/15)

Altars:


Message History

Fire: a) +1 sling
Press: ? - help, Q - select action, (/) - cycle Shift-Dir - straight line, f/p - adder
Aim: an adder (heavily wounded, slow, 40% to hit)
You shoot a sling bullet. The sling bullet misses the adder.
The sling bullet hits the dart slug!
The dart slug is almost dead.
The adder bites you.
Fire: a) +1 sling
Press: ? - help, Q - select action, (/) - cycle Shift-Dir - straight line, f/p - adder
Aim: an adder (heavily wounded, slow, 40% to hit)
You shoot a sling bullet.
The sling bullet barely misses the adder.
The sling bullet barely misses the dart slug.
The adder is no longer moving slowly.
The adder bites you.
* * * LOW HITPOINT WARNING * * *
Fire: a) +1 sling
Press: ? - help, Q - select action, (/) - cycle Shift-Dir - straight line, f/p - adder
Aim: an adder (heavily wounded, 40% to hit)
You shoot a sling bullet. The sling bullet misses the adder.
The sling bullet hits the dart slug.
You kill the dart slug!
The adder misses you.
Casting: Slow (safe; 3% risk of failure)
Confirm with . or Enter, or press ? or * to list all spells.
Aiming: Slow (safe; 3% risk of failure)
Press: ? - help, Shift-Dir - straight line, f/p - adder
Aim: an adder (heavily wounded, chance to affect: 58%)
You miscast Slow.
You are very lightly contaminated with residual magic.
Nothing appears to happen.
The adder bites you.
* * * LOW HITPOINT WARNING * * *
The adder bites you but does no damage.
Casting: Slow (safe; 3% risk of failure)
Confirm with . or Enter, or press ? or * to list all spells.
Aiming: Slow (safe; 3% risk of failure)
Press: ? - help, Shift-Dir - straight line, f/p - adder
Aim: an adder (heavily wounded, chance to affect: 58%)
The adder seems to slow down.
You open the door. The adder bites you.
You die...

#.##..w.......####
#.....##........#.
#.....#....##.#.#.
#.....#...###.#.#
#†#+#.....# #.#.#
#.#.....#.# #.#.#
#.#######.# #.#.#
#S# #.. #...# #@#
###.#....
#.'...... .
###...... # ......
..... ##.^. ... ..


You could see an adder (slow).

Vanquished Creatures
  An adder (D:2)
  A worm (D:2)
  2 dart slugs
  7 ball pythons
  4 endoplasms
  4 goblins
  3 hobgoblins
  2 quokkas
  2 bats (D:1)
  3 frilled lizards
  3 kobolds (D:1)
  3 rats (D:1)
35 creatures vanquished.

Notes
Turn   | Place    | Note
-------+----------+-------------------------------------------
     0 | D:1      | NinjaNoafa the Deep Elf Hexslinger began the quest for the
                  | Orb.
     0 | D:1      | Reached XP level 1. HP: 11/11 MP: 5/5
    23 | D:1      | Reached skill level 3 in Ranged Weapons
    96 | D:1      | Reached XP level 2. HP: 16/16 MP: 6/6
   139 | D:1      | Reached skill level 4 in Ranged Weapons
   424 | D:1      | Reached XP level 3. HP: 20/20 MP: 7/7
   477 | D:2      | Reached skill level 5 in Ranged Weapons
   864 | D:2      | Slain by an adder

Illustrated notes

Levels and vault maps discovered:
D:1:      minmay_arrival_three_doors, layout_basic
D:2:      layout_basic, nrook_mini_vaults

Skill      XL: |  1  2  3 |
---------------+----------+-----
Ranged Weapons | 3 4 5 |  5.4
Fighting       | |  0.7
Dodging        | |  2.4
Spellcasting   | |  1.5
Hexes          | |  4.0

Action                   || total
-------------------------++-------
Melee: Dagger            ||     5
 Fire: Sling             ||   100
 Cast: Slow              ||    11
Armor: Robe              ||     6
Dodge: Dodged            ||    34

Table legend: (Time is in decaauts)
 A = Elapsed time spent in this place.
 B = Non-inter-level travel time spent in this place.
 C = Inter-level travel time spent in this place.
 D = Time resting spent in this place.
 E = Time spent auto-exploring this place.
 F = Levels seen in this place.
 G = Mean time per level.
                   A        B        C        D        E       F      G
               +--------+--------+--------+--------+--------+-----+--------+
         Total |    879 |    857 |     22 |      0 |    581 |   2 |  439.5 |
       Dungeon |    879 |    857 |     22 |      0 |    581 |   2 |  439.5 |
               +--------+--------+--------+--------+--------+-----+--------+

Top non-repeatable levels by time:
     D:1: 469 daAuts
     D:2: 410 daAuts
